 Dungeon Crawl Stone Soup version 0.21-a0-517-gd76cfe0 (webtiles) character file.

21 FoxyCat the Digger (level 2, 0/11 HPs)
             Began as a Felid Earth Elementalist on Dec 3, 2017.
             Slain by a sky beast (2 damage)
             ... on level 5 of the Dungeon.
             The game lasted 00:06:53 (700 turns).

FoxyCat the Digger (Felid Earth Elementalist)        Turns: 700, Time: 00:06:53

Health: 0/11       AC:  1    Str:  4    XL:     2   Next: 62%
Magic:  3/6        EV: 18    Int: 16    God:
Gold:   82         SH:  0    Dex: 16    Spells: 4/5 levels left
                                        Lives:  0   Deaths: 0

rFire    . . .     SeeInvis +   (weapon unavailable)
rCold    . . .     Gourm    .   (shield unavailable)
rNeg     . . .     Faith    .   (armour unavailable)
rPois    .         Spirit   .   (helmet unavailable)
rElec    .         Reflect  .   (cloak unavailable)
rCorr    .         Harm     .   (gloves unavailable)
MR       .....                  (boots unavailable)
Stlth    +++.......             (no amulet)
HPRegen  0.03/turn              (no ring)
MPRegen  0.10/turn              (no ring)

@: very slightly contaminated, quick
A: very small, no armour, no weapons or thrown items, stealth, claws 1, fangs 3,
see invisible, carnivore 3, speed 1, shaggy fur 1, slow metabolism 1, sharp paws
a: no special abilities


You were on level 5 of the Dungeon.
You were not hungry.

You visited 1 branch of the dungeon, and saw 5 of its levels.

You collected 82 gold pieces.

Inventory:

Hand Weapons
 g - a +0 club
Missiles
 b - 30 stones
Armour
 e - a +0 cloak
 f - a +0 leather armour
 k - a +0 robe
Scrolls
 a - a scroll of remove curse {unknown}
 h - a scroll of magic mapping {unknown}
 i - a scroll of enchant weapon {unknown}
Potions
 j - a potion of curing {unknown}
Books
 d - a book of Geomancy

   Spells                             Type                      Level
   a - Sandblast                      Earth                        1
   b - Passwall                       Transmutation/Earth          2
   c - Stone Arrow                    Conjuration/Earth            3
   d - Petrify                        Transmutation/Earth          4
   e - Lee's Rapid Deconstruction     Earth                        5
Comestibles
 c - 2 meat rations


   Skills:
 + Level 3.0 Dodging
 + Level 2.8 Stealth
 + Level 2.2 Spellcasting
   Level 1.1 Transmutations
 + Level 3.2 Earth Magic


You had 4 spell levels left.
You knew the following spells:

 Your Spells              Type           Power        Failure   Level  Hunger
a - Sandblast             Erth           ##....       5%          1    #......


Dungeon Overview and Level Annotations

Branches:
Dungeon (5/15)
 Temple: D:4-7

Altars:


Innate Abilities, Weirdness & Mutations

You cannot wear armour.
You are incapable of wielding weapons or throwing items.
Your paws allow you to move quietly. (Stealth)
You have sharp claws.
You have razor-sharp teeth.
You have supernaturally acute eyesight. (SInv)
You are carnivorous and can eat meat at any time.
You cover ground quickly.
You are covered in fur. (AC +1)
You have a slow metabolism.
Your sharp claws are effective at attacking unaware monsters.


Message History

A sky beast comes into view.
Things that are here:
a club; a leather armour
Okay, then.
You see here 15 gold pieces.
You now have 82 gold pieces (gained 15).
Casting: Sandblast
Confirm with . or Enter, or press ? or * to list all spells.
Aiming: Sandblast
Press: ? - help, Shift-Dir - straight line, f - sky beast
Aim: a sky beast The blast of sand hits the sky beast.
The sky beast is moderately wounded.
b - 30 stones The sky beast hits you.
The sky beast shocks you.
Ouch! That really hurt!
* * * LOW HITPOINT WARNING * * *
The sky beast flickers out of sight for a moment.
The sky beast hits you.
You die...

########
##......##
##........##
#..........#
#..........#
#.......Y..#
#........@.#
#..........#
##.........#
#..........#
#............
#.)....>.....
#............
#...........##
##........#


You could see a sky beast (invisible).

Vanquished Creatures
  An adder (D:3)
  An orc (D:5)
  2 bats
  A giant cockroach (D:2)
  2 hobgoblins
  3 frilled lizards (D:1)
10 creatures vanquished.

Notes
Turn   | Place    | Note
-------+----------+-------------------------------------------
     0 | D:1      | FoxyCat the Felid Earth Elementalist began the quest for the Orb.
     0 | D:1      | Reached XP level 1. HP: 7/7 MP: 4/4
   482 | D:3      | Reached XP level 2. HP: 6/11 MP: 0/6
   617 | D:5      | Entered Level 5 of the Dungeon
   617 | D:5      | Noticed an ogre
   682 | D:5      | Noticed a sky beast
   700 | D:5      | Slain by a sky beast

Vault maps used:
D:1:      evilmike_arrival_hilbert_curve
D:3:      first_bread, uniq_sigmund
D:4:      lemuel_doored_altar, nicolae_ossuary_entry_plus, uniq_duvessa,
          uniq_edmund
D:5:      okawaru_ov_weapons_minmay

Skill      XL: |  1 |
---------------+----+-----
Earth Magic    | 3 |  3.2
Dodging        | 3 |  3.0
Stealth        | |  2.8
Spellcasting   | |  2.2
Transmutations | |  1.1

Action                   || total
-------------------------++-------
Melee: Unarmed           ||     1
 Cast: Sandblast         ||    17
Armor: Skin              ||     1
Dodge: Dodged            ||    24

Table legend:
 A = Spawn XP
 B = Non-spawn XP
 C = Spawn XP percentage of total XP
 D = Spawn monster count
 E = Non-spawn monster count
 F = Spawn count percentage of total count
 G = Total turns spent on level
                    A         B        C        D         E        F      G
               +---------+---------+-------+---------+---------+-------+---------
         Total |       0 |      30 |   0.0 |       0 |      10 |   0.0 |   700
               +---------+---------+-------+---------+---------+-------+---------
           D:1 |       0 |       5 |   0.0 |       0 |       4 |   0.0 |   432
           D:2 |       0 |       6 |   0.0 |       0 |       3 |   0.0 |    49
           D:3 |       0 |      16 |   0.0 |       0 |       2 |   0.0 |   117
           D:5 |       0 |       3 |   0.0 |       0 |       1 |   0.0 |    83
               +---------+---------+-------+---------+---------+-------+---------
